 Dungeon Crawl Stone Soup version 0.24-a0-434-gd57e52fea8 (webtiles) character file.

Game seed: 8519121371291013432

17685 nikopol the Thaumaturge (level 12, -1/62 HPs)
             Began as a Deep Elf Fire Elementalist on June 16, 2019.
             Was an Elder of Vehumet.
             Slain by an orc wizard
             ... wielding a +0 quarterstaff
              (6 damage)
             ... on level 13 of the Dungeon.
             The game lasted 00:51:23 (16358 turns).

nikopol the Thaumaturge (DEFE)                     Turns: 16358, Time: 00:51:23

Health: -1/62      AC:  3    Str:  5    XL:     12   Next: 21%
Magic:  7/32       EV: 15    Int: 26    God:    Vehumet [****..]
Gold:   523        SH:  0    Dex: 15    Spells: 21/40 levels left

rFire    + . .     SeeInvis .   C - +10 hand axe of Ocyony Remao {holy, rF+ Stlth+}
rCold    + . .     Gourm    +   (no shield)
rNeg     . . .     Faith    .   a - +0 robe
rPois    .         Spirit   .   s - +0 helmet
rElec    .         Reflect  .   (no cloak)
rCorr    .         Harm     .   (no gloves)
MR       +....                  (no boots)
Stlth    +++.......             G - amulet of the gourmand
HPRegen  0.20/turn              M - ring of attention
MPRegen  0.23/turn              z - ring of protection from cold

@: no status effects
A: no striking features
a: Renounce Religion


You were on level 13 of the Dungeon.
You worshipped Vehumet.
Vehumet was greatly pleased with you.
You were completely stuffed.

You visited 2 branches of the dungeon, and saw 14 of its levels.
You also visited: Sewer.

You collected 635 gold pieces.
You spent 112 gold pieces at shops.

Inventory:

Hand Weapons
 C - the +10 hand axe of Ocyony Remao (weapon) {holy, rF+ Stlth+}
   (You found it on level 6 of the Dungeon)

   It has been blessed by the Shining One to cause great damage to the undead
   and demons.
   It protects you from fire.
   It makes you more stealthy.
Armour
 a - a +0 robe (worn)
 h - a +1 hat
 s - a +0 helmet (worn)
Jewellery
 m - an uncursed ring of see invisible
 z - a ring of protection from cold (right hand)
 F - an uncursed ring of ice
 G - an amulet of the gourmand (around neck)
 M - a ring of attention (left hand)
Wands
 n - a wand of random effects (28)
 w - a wand of paralysis (12)
 H - a wand of digging (2)
 I - a wand of acid (13)
 J - a wand of clouds (4)
Scrolls
 b - 4 scrolls of fear {unknown}
 d - 12 scrolls of teleportation
 e - 4 scrolls of remove curse
 f - 3 scrolls of random uselessness {unknown}
 g - 2 scrolls of identify
 i - a scroll of magic mapping
 j - 2 scrolls of blinking
 p - 2 scrolls of amnesia
 q - a scroll of fog {unknown}
 y - 3 scrolls of enchant armour {unknown}
 A - a scroll of immolation {unknown}
 L - a scroll of noise {unknown}
Potions
 k - 2 potions of mutation
 l - a potion of might
 o - a potion of ambrosia
 r - a potion of berserk rage
 t - 3 potions of flight
 u - 3 potions of heal wounds
 v - 4 potions of curing
 x - a potion of haste
 B - a potion of brilliance
 D - a potion of degeneration {unknown}
 E - a potion of lignification
 K - a potion of resistance
Comestibles
 c - 33 rations


   Skills:
 + Level 2.0 Fighting
 - Level 1.0 Axes
 + Level 4.8 Dodging
 + Level 5.2 Stealth
 + Level 14.5 Spellcasting
 + Level 12.0 Conjurations
 + Level 12.1 Fire Magic


You had 21 spell levels left.
You knew the following spells:

 Your Spells              Type           Power        Failure   Level  Hunger
a - Flame Tongue          Conj/Fire      #####        0%          1    None
b - Throw Flame           Conj/Fire      ######       1%          2    None
c - Conjure Flame         Conj/Fire      ######..     1%          3    None
d - Sticky Flame          Conj/Fire      ######..     1%          4    None
e - Fireball              Conj/Fire      ######....   1%          5    ##.....
f - Force Lance           Conj/Tloc      ######..     1%          4    None

Your spell library contained the following spells:

 Spells                   Type           Power        Failure   Level  Hunger
 Venom Bolt               Conj/Pois      ######....   1%          5    ##.....
 Magic Dart               Conj           ####         0%          1    None
 Searing Ray              Conj           ######       1%          2    None
 Dazzling Spray           Conj/Hex       ######       1%          3    None
 Inner Flame              Hex/Fire       ######..     1%          3    None
 Fulminant Prism          Conj/Hex       ######....   1%          4    None
 Iskenderun's Mystic Bla  Conj           ######..     1%          4    None
 Beastly Appendage        Tmut           ###...       3%          1    None
 Confusing Touch          Hex            ###...       3%          1    None
 Corona                   Hex            ###....      3%          1    None
 Slow                     Hex            ###.....     4%          2    None
 Sticks to Snakes         Tmut           ###.....     4%          2    None
 Confuse                  Hex            ###.....     9%          3    None
 Gell's Gravitas          Tloc           ###.......   9%          3    None
 Portal Projectile        Hex/Tloc       ###...       9%          3    None
 Spider Form              Tmut/Pois      ###.......   9%          3    None
 Yara's Violent Unravell  Hex/Tmut       ###.......   21%         5    ##.....
 Cause Fear               Hex            ###.......   28%         4    None
 Ice Form                 Ice/Tmut       ###.....     28%         4    None
 Leda's Liquefaction      Hex/Erth       ###.......   28%         4    None
 Petrify                  Tmut/Erth      ###.....     28%         4    None
 Blade Hands              Tmut           ###.......   63%         5    ##.....
 Metabolic Englaciation   Hex/Ice        ###.......   63%         5    ##.....


Dungeon Overview and Level Annotations

Branches:
Dungeon (13/15)            Temple (1/1) D:6            Lair (0/6) D:10
    Orc (0/2) D:10
 Vaults: D:13-14

Altars:
Ashenzari
Kikubaaqudgha
Makhleb
Okawaru
Qazlal
Ru
Vehumet
Yredelemnul
Zin
The Shining One

Shops:
D:4 (   D:10 ?

Annotations:
D:11 3 runed translucent doors, Ezendos's ghost, journeyman VSAs


Message History

Vehumet accepts your kill.
The fireball engulfs the tengu warrior!!
The tengu warrior is almost dead.
The tengu warrior burns!
You kill the tengu warrior!
Vehumet accepts your kill.
You feel your power returning.
Your Conjurations skill increases to level 12!
The orc wizard closely misses you.
Casting: Fireball (safe; 1% risk of failure)
Confirm with . or Enter, or press ? or * to list all spells.
Aiming: Sticky Flame (safe; 1% risk of failure)
Press: ? - help, Shift-Dir - straight line, f - orc wizard
Aim: an orc wizard, wielding a +0 quarterstaff and wearing a +0 robe The sticky flame hits the orc wizard.
The orc wizard is moderately wounded.
The orc wizard is covered in liquid flames!
The orc wizard burns!
The orc wizard hits you with a +0 quarterstaff.
You die...

#################################
.................................
###############...)..............
#.[.#############.. #.@.# #..
#.o.# #.. #...# #Q) #...# #..
#...# #). ############
##...#############). ....<.......
.............†Q..... #..#########
#####............... #..#
#..###########..


You could see an orc wizard (burning).

Vanquished Creatures
  A hydra (D:12)
  Harold (D:8)
  2 two-headed ogres
  2 tengu warriors (D:13)
  An unseen horror (D:12)
  Pikel (D:6)
  2 ugly things
  A centaur zombie (D:12)
  Joseph (D:8)
  A gargoyle (D:10)
  A kobold demonologist (D:11)
  A komodo dragon (D:12)
  2 trolls
  A queen bee (D:9)
  Grinder (D:5)
  A hippogriff (D:11)
  A spriggan (D:7)
  A shadow (D:13)
  A wyvern (D:11)
  Eustachio (D:6)
  A vampire (D:12)
  4 vampire mosquitoes
  A hungry ghost (D:12)
  Menkaure (D:6)
  An acid dragon (D:12)
  2 water moccasins
  An ice beast (D:6)
  3 sky beasts
  4 orc warriors
  4 phantoms
  A necrophage (D:9)
  8 ogres
  An eye of draining (D:10)
  13 centaurs
  4 big kobolds
  5 bullfrogs
  4 scorpions
  11 wights
  31 killer bees
  5 howler monkeys (D:8)
  3 crimson imps
  A bullfrog zombie (D:9)
  2 jellies (D:11)
  2 centaur skeletons
  3 orc priests
  2 bullfrog skeletons
  4 hounds
  12 orc wizards
  5 iguanas
  10 worker ants
  2 hound zombies
  A worker ant zombie (D:10)
  17 adders
  19 gnolls
  3 river rats (Sewer)
  2 shadow imps (D:8)
  An ooze (D:1)
  An adder skeleton (D:5)
  2 worms
  3 dart slugs
  3 leopard geckos
  42 orcs
  A ball python (D:2)
  A giant cockroach (D:3)
  2 hobgoblins
  13 jackals
  9 quokkas
  2 bats (D:2)
  7 frilled lizards
  15 goblins
  22 kobolds
  A quokka zombie (D:6)
  10 rats
352 creatures vanquished.

Vanquished Creatures (others)
  A crimson imp (D:11)
1 creature vanquished.

Grand Total: 353 creatures vanquished

Notes
Turn   | Place    | Note
-------+----------+-------------------------------------------
     0 | D:1      | nikopol the Deep Elf Fire Elementalist began the quest for
                  | the Orb.
     0 | D:1      | Reached XP level 1. HP: 10/10 MP: 6/6
   385 | D:1      | Reached XP level 2. HP: 15/15 MP: 6/8
   784 | D:2      | Reached XP level 3. HP: 19/19 MP: 6/9
   861 | D:1      | Learned a level 2 spell: Throw Flame
   865 | D:1      | Learned a level 3 spell: Conjure Flame
   909 | D:2      | Found a burning altar of Makhleb.
  1166 | D:2      | Reached XP level 4. HP: 24/24 MP: 7/11
  1172 | D:2      | Reached skill level 4 in Spellcasting
  1650 | D:2      | Learned a level 4 spell: Sticky Flame
  1867 | D:2      | Reached XP level 5. HP: 28/28 MP: 8/14
  2143 | D:3      | Found a faded altar of an unknown god.
  2169 | D:3      | Reached skill level 5 in Spellcasting
  2398 | D:3      | Found a glowing silver altar of Zin.
  2412 | D:3      | Found a shattered altar of Ashenzari.
  2412 | D:3      | Found an ancient bone altar of Kikubaaqudgha.
  2636 | D:4      | Reached skill level 5 in Fire Magic
  2963 | D:4      | Reached XP level 6. HP: 32/32 MP: 10/15
  3073 | D:4      | Found a glowing drain.
  3084 | Sewer    | Entered a sewer
  3393 | Sewer    | Found a white marble altar of Elyvilon.
  3493 | D:4      | Found Kybithoy's Weapon Boutique.
  3502 | D:4      | Learned a level 5 spell: Fireball
  3751 | D:4      | Reached skill level 6 in Spellcasting
  3756 | D:4      | Reached XP level 7. HP: 36/36 MP: 8/18
  4024 | D:5      | Entered Level 5 of the Dungeon
  4024 | D:5      | Noticed Grinder
  4032 | D:5      | Killed Grinder
  4115 | D:5      | Found a basalt altar of Yredelemnul.
  4333 | D:5      | Reached skill level 7 in Spellcasting
  4667 | D:5      | Reached XP level 8. HP: 41/41 MP: 15/21
  4805 | D:5      | Reached skill level 5 in Conjurations
  4908 | D:5      | Reached skill level 8 in Spellcasting
  5009 | D:5      | Found a stormy altar of Qazlal.
  5169 | D:5      | Found a sacrificial altar of Ru.
  5308 | D:6      | Got a translucent hand axe
  5312 | D:6      | Identified the +10 hand axe of Ocyony Remao {holy, rF+
                  | Stlth+} (You found it on level 6 of the Dungeon)
  5526 | D:6      | Noticed Eustachio
  5572 | D:6      | Killed Eustachio
  5693 | D:6      | Found a staircase to the Ecumenical Temple.
  5706 | Temple   | Entered the Ecumenical Temple
  5717 | Temple   | Became a worshipper of Vehumet
  5736 | D:6      | Found an iron altar of Okawaru.
  6080 | D:6      | Reached skill level 9 in Spellcasting
  6263 | D:6      | Reached XP level 9. HP: 45/45 MP: 17/24
  6610 | D:6      | Noticed Menkaure
  6627 | D:6      | Killed Menkaure
  6719 | D:6      | Noticed Pikel
  6728 | D:6      | Killed Pikel
  6728 | D:6      | Reached skill level 10 in Spellcasting
  6925 | D:7      | Reached * piety under Vehumet
  6925 | D:7      | Offered knowledge of Magic Dart by Vehumet.
  7928 | D:8      | Noticed Harold
  7940 | D:8      | Killed Harold
  7940 | D:8      | Reached skill level 11 in Spellcasting
  7940 | D:8      | Reached XP level 10. HP: 51/51 MP: 6/27
  8116 | D:8      | Reached skill level 1 in Axes
  8120 | D:8      | Noticed Joseph
  8173 | D:8      | Killed Joseph
  8181 | D:8      | Offered knowledge of Freeze by Vehumet.
  8208 | D:8      | Reached ** piety under Vehumet
  9052 | D:8      | Found a glowing golden altar of the Shining One.
  9360 | D:9      | Noticed a two-headed ogre
  9367 | D:9      | Killed a two-headed ogre
  9367 | D:9      | Reached skill level 10 in Fire Magic
  9629 | D:9      | Reached skill level 12 in Spellcasting
  9858 | D:9      | Reached skill level 5 in Stealth
  9881 | D:9      | Offered knowledge of Dazzling Spray by Vehumet.
  9882 | D:9      | Reached skill level 10 in Conjurations
 10120 | D:9      | Noticed a cyan ugly thing
 10124 | D:9      | Killed a cyan ugly thing
 10124 | D:9      | Reached *** piety under Vehumet
 10659 | D:9      | Reached XP level 11. HP: 55/55 MP: 22/29
 10998 | D:9      | Offered knowledge of Ignite Poison by Vehumet.
 11084 | D:9      | Reached skill level 1 in Fighting
 11274 | D:10     | Entered Level 10 of the Dungeon
 11276 | D:10     | Found a staircase to the Orcish Mines.
 11384 | D:10     | Found a staircase to the Lair.
 11453 | D:10     | Found Evorul's Magic Scroll Boutique.
 11468 | D:10     | Bought a scroll of blinking for 112 gold pieces
 12753 | D:11     | Reached skill level 13 in Spellcasting
 13016 | D:11     | Found a runed translucent gate.
 13016 | D:11     | Found a runed translucent gate.
 13016 | D:11     | Found a runed translucent gate.
 13110 | D:11     | Noticed a cyan ugly thing
 13128 | D:11     | Killed a cyan ugly thing
 13420 | D:11     | Noticed Ezendos's ghost (journeyman VSAs)
 13578 | D:11     | Reached **** piety under Vehumet
 13920 | D:11     | Found a stormy altar of Qazlal.
 14322 | D:12     | Noticed an eight-headed hydra
 14325 | D:12     | Killed an eight-headed hydra
 15003 | D:12     | Offered knowledge of Venom Bolt by Vehumet.
 15302 | D:12     | Noticed a two-headed ogre
 15309 | D:12     | Killed a two-headed ogre
 15309 | D:12     | Reached skill level 14 in Spellcasting
 15882 | D:12     | Noticed an unseen horror
 15884 | D:12     | Killed an unseen horror
 15884 | D:12     | Reached XP level 12. HP: 54/62 MP: 23/32
 15926 | D:12     | Learned a level 4 spell: Force Lance
 16305 | D:13     | Noticed a tengu warrior
 16307 | D:13     | Noticed a tengu warrior
 16318 | D:13     | Killed a tengu warrior
 16357 | D:13     | Killed a tengu warrior
 16358 | D:13     | Slain by an orc wizard

Levels and vault maps discovered:
D:1:      sevenhm_arrival_forest_fort_small_4, layout_basic
D:2:      layout_basic, lemuel_round_altar, minmay_pentomino_t2
D:3:      layout_loops_ring, gammafunk_temple_overflow_statue, zin_treasury,
          first_ration, chequers_ecumenical_altar_simple
D:4:      layout_loops_ring, serial_shops, nicolae_shop_stone,
          portal_sewer_entry_d
D:5:      layout_rooms, nicolae_overflow_crystal_walls, grunt_qazlal_clouds,
          lemuel_doored_altar, minmay_ogre_servants, uniq_grinder
D:6:      kennysheep_big_flooded_room, layout_basic, overflow_temple_1_default,
          minmay_temple_entry_statues_fountains, kennysheep_generic_room_5,
          uniq_menkaure, uniq_eustachio, uniq_pikel
D:7:      layout_cave_pools, the_bakery
D:8:      layout_basic, kennysheep_mini_moat, sigmund_army, uniq_joseph,
          uniq_harold
D:9:      layout_gridville, special_room [special_room_bee]
D:10:     layout_irregular_city, lair_entry_dummy, orc_0_dummy, serial_shops,
          shop_statue
D:11:     layout_loops_ring, basic_altar, gammafunk_ghost_split
D:12:     layout_gridville
D:13:     layout_long_grid, chequers_serial_rivers_micro_c, uniq_kirke
Temple:   nicolae_temple_god_jail

Skill      XL: |  1  2  3  4  5  6  7  8  9 10 11 12 |
---------------+-------------------------------------+-----
Fire Magic     | 4 5 6 7 9 10 11 12 | 12.1
Conjurations   | 2 3 4 7 8 10 11 12 | 12.0
Spellcasting   | 4 5 6 7 9 11 12 14 | 14.5
Stealth        | 3 4 5 |  5.2
Dodging        | 3 4 |  4.8
Axes           | 1 |  1.0
Fighting       | 2 |  2.0

Action                   |  1- 3 |  4- 6 |  7- 9 | 10-12 || total
-------------------------+-------+-------+-------+-------++-------
Melee: Dagger            |       |       |     1 |       ||     1
       Hand axe          |       |       |     2 |     7 ||     9
 Cast: Flame Tongue      |    56 |   109 |   187 |   219 ||   571
       Throw Flame       |       |    16 |     9 |    23 ||    48
       Sticky Flame      |       |     3 |    26 |    60 ||    89
       Conjure Flame     |       |     2 |     4 |     1 ||     7
       Fireball          |       |       |     8 |    68 ||    76
  Use: Scroll            |       |       |       |    18 ||    18
  Eat: Chunk             |       |     9 |    14 |    32 ||    55
       Ration            |       |       |       |     3 ||     3
Armor: Robe              |     1 |     9 |     6 |    14 ||    30
Dodge: Dodged            |     5 |    26 |    42 |   117 ||   190

Table legend:
 A = Non-vault XP
 B = Vault XP
 C = Vault XP percentage of total XP
 D = Non-vault monster count
 E = Vault monster count
 F = Vault count percentage of total count
                 A         B        C        D         E       F
            +---------+---------+-------+---------+---------+-------
      Total |   20178 |    5087 |  20.1 |     290 |      62 |  17.6
            +---------+---------+-------+---------+---------+-------
        D:1 |      30 |       0 |   0.0 |      17 |       0 |   0.0
        D:2 |     163 |       4 |   2.4 |      22 |       1 |   4.3
        D:3 |      87 |       0 |   0.0 |      14 |       0 |   0.0
        D:4 |     349 |      13 |   3.6 |      23 |       1 |   4.2
        D:5 |     698 |     417 |  37.4 |      23 |      10 |  30.3
        D:6 |    1189 |    1197 |  50.2 |      25 |       7 |  21.9
        D:7 |     470 |     224 |  32.3 |      17 |       1 |   5.6
        D:8 |    1143 |    1357 |  54.3 |      41 |       6 |  12.8
        D:9 |    2973 |    1723 |  36.7 |      31 |      24 |  43.6
       D:10 |    1351 |       0 |   0.0 |       9 |       0 |   0.0
       D:11 |    2579 |       0 |   0.0 |      20 |       0 |   0.0
       D:12 |    5926 |       0 |   0.0 |      29 |       0 |   0.0
       D:13 |    3220 |       0 |   0.0 |      19 |       0 |   0.0
      Sewer |       0 |     152 | 100.0 |       0 |      12 | 100.0
            +---------+---------+-------+---------+---------+-------
